 Dungeon Crawl Stone Soup version 0.27-a0-1579-g97d2440184 (webtiles) character file.

Game seed: 2535406158529522779

1637 MovingMist the Covered (level 8, -2/51 HPs)
             Began as a Gargoyle Fighter on July 17, 2021.
             Slain by an unseen horror (5 damage)
             ... on level 6 of the Dungeon.
             The game lasted 00:11:54 (6442 turns).

MovingMist the Covered (Gargoyle Fighter)           Turns: 6442, Time: 00:11:55

Health: -2/51      AC: 17    Str: 19    XL:     8   Next: 98%
Magic:  8/8        EV:  8    Int: 10    God:
Gold:   224        SH:  9    Dex: 17    Spells: 7/7 levels left

rFire    . . .     SeeInvis .   a - +0 flail
rCold    . . .     Faith    .   c - +0 kite shield
rNeg     + . .     Spirit   .   m - +0 chain mail
rPois    ∞         Reflect  .   (helmet restricted)
rElec    +         Harm     .   (no cloak)
rCorr    .         Rampage  .   p - +0 pair of gloves
Will     +....                  (no boots)
Stlth    ..........             (no amulet)
HPRegen  0.17/turn              l - +4 ring of protection
MPRegen  0.11/turn              o - +6 ring of dexterity

@: no status effects
A: sickness immunity, AC +5, negative energy resistance 1, electricity
resistance, torment resistance 1, petrification resistance, hooves 1, horns 1,
deformed body, strong-willed 1
a: no special abilities


You were on level 6 of the Dungeon.
You visited 2 branches of the dungeon, and saw 7 of its levels.
You also visited: Ossuary.

You collected 284 gold pieces.
You spent 60 gold pieces at shops.

Inventory:

Hand Weapons
 a - a +0 flail (weapon)
Missiles
 y - 2 throwing nets (quivered)
Armour
 c - a +0 kite shield (worn)
 m - a +0 chain mail (worn)
 p - a +0 pair of gloves (worn)
Jewellery
 l - a +4 ring of protection (left hand)
 o - a +6 ring of dexterity (right hand)
 t - a ring of protection from fire
Wands
 n - a wand of polymorph (9)
 x - a wand of digging (4)
 A - a wand of mindburst (13)
Scrolls
 b - a scroll of enchant armour {unknown}
 e - 2 scrolls of fear {unknown}
 f - 3 scrolls of immolation
 g - a scroll of brand weapon {unknown}
 h - 2 scrolls of identify
 j - 4 scrolls of summoning {unknown}
 k - 2 scrolls of magic mapping
 q - 2 scrolls of teleportation {unknown}
 r - a scroll of acquirement {unknown}
 s - a scroll of enchant weapon {unknown}
Potions
 d - 2 potions of might
 i - a potion of invisibility
 u - a potion of heal wounds
 v - a potion of brilliance
 w - a potion of magic {unknown}
 z - a potion of attraction {unknown}
 B - a potion of flight {unknown}


   Skills:
 + Level 6.3 Fighting
 + Level 5.3 Maces & Flails
 + Level 6.3 Armour
 * Level 5.6 Dodging
 - Level 3.2 Shields


You had 7 spell levels left.
You didn't know any spells.
Your spell library contained the following spells:

 Spells                   Type           Power      Damage    Failure   Level
 Ignite Poison            Fire/Tmut/Pois 0%         N/A       100%        3
 Mephitic Cloud           Conj/Pois/Air  0%         N/A       100%        3
 Ozocubu's Armour         Ice            0%         N/A       100%        3
 Airstrike                Air            0%         N/A       100%        4
 Summon Lightning Spire   Summ/Air       0%         N/A       100%        4
 Bolt of Magma            Conj/Fire/Erth 0%         4d4       100%        5
 Lightning Bolt           Conj/Air       0%         1d11      100%        5
 Ozocubu's Refrigeration  Ice            0%         4d5       100%        7


Dungeon Overview and Level Annotations

Branches:
Dungeon (6/15)             Temple (1/1) D:5         Ossuary (visited)

Altars:
Elyvilon
Hepliaklqana
Kikubaaqudgha
Makhleb
Ru
Sif Muna
Uskayaw
Vehumet
Zin
The Shining One

Shops:
D:1 ?   D:6 :


Innate Abilities, Weirdness & Mutations

You are immune to sickness and miasma.
Your stone body is resilient. (AC +5)
You are immune to poison.
You resist negative energy. (rN+)
You are resistant to electric shocks. (rElec)
You are resistant to unholy torment.
You are immune to petrification.
You have large cloven feet.
You have a pair of small horns on your head.
Armour fits poorly on your strangely shaped body.
You are strong-willed. (Will+)


Message History

You hit something. You kick something. Something hits you.
Something hits you but does no damage.
The howler monkey hoots and howls with incredible vigour!
Something hits you but does no damage.
You hear a shout!
You closely miss something. Your kick misses something. You headbutt something.
You block something's attack.
You barely miss something. You headbutt something. Something hits you.
Something hits you but does no damage.
The howler monkey hoots and howls with incredible vigour!
You hear a shout!
You miss something. You headbutt something. Something hits you.
Something hits you but does no damage.
Your shield and chain mail prevent you from hitting something.
You kick something.
Something hits you but does no damage. x3
You closely miss something. Something hits you. x2
A sky beast appears from thin air!
Reactivating autopickup.
Deactivating autopickup; reactivate with Ctrl-A.
You hit something. Something hits you but does no damage. Something hits you.
Something hits you but does no damage.
You completely miss something. You kick something. You headbutt something.
Something hits you but does no damage. x2; Something hits you!
* * * LOW HITPOINT WARNING * * *
The rain has left you waist-deep in water!
Splash!
You fall into the shallow water.
Moving in this stuff is going to be slow.
You block something's attack. Something hits you!
* * * LOW HITPOINT WARNING * * *
You block something's attack. Something hits you but does no damage.
Something hits you.
* * * LOW HITPOINT WARNING * * *
Something hits you.
* * * LOW HITPOINT WARNING * * *
You block something's attack.
The sky beast flickers out of sight!
Something hits you.
You die...

######Y# #.# ####Y####
#.......# #.##.##{# .#.#
#.##.##.# #.#.. #.##....#
#####.... ######
#.#####.####...#..###
.....#
#.#####..@..........#
####.###.......##.......##
#.......######.)......#
#######.# #...<...#...
####.#### ###...#......
#.......# #...# .####
#.##.##.### #...#..##.
#### #..........#
#.......... ...#
#.#...##.#.###....####..


There were no monsters in sight!

Vanquished Creatures
  A water moccasin (D:5)
  A black bear (D:6)
  A hornet zombie (D:6)
  2 ogres
  2 necrophages
  A centaur (D:5)
  A bullfrog (D:5)
  A howler monkey (D:4)
  A bullfrog zombie (D:6)
  7 centaur zombies
  A gnoll shaman (D:5)
  A jelly (D:5)
  4 hounds
  An iguana (D:6)
  A hound zombie (D:5)
  A howler monkey zombie (D:5)
  6 mummies
  A howler monkey skeleton (D:5)
  8 gnolls
  8 adders
  A white imp (D:5)
  An ufetubus (D:5)
  An adder zombie (D:5)
  3 worms
  2 dart slugs
  2 orcs
  14 ball pythons
  5 endoplasms
  3 giant cockroaches
  3 gnoll zombies (Ossuary)
  6 hobgoblins
  11 jackals
  A quokka (D:5)
  5 bats
  3 frilled lizards
  7 goblins
  2 hobgoblin zombies (D:4)
  9 kobolds
  An orc zombie (Ossuary)
  5 rats
135 creatures vanquished.

Vanquished Creatures (others)
  A fungus (D:3)
  3 plants (D:3)
4 creatures vanquished.

Grand Total: 139 creatures vanquished

Notes
Turn   | Place    | Note
-------+----------+-------------------------------------------
     0 | D:1      | MovingMist the Gargoyle Fighter began the quest for the
                  | Orb.
     0 | D:1      | Reached XP level 1. HP: 14/14 MP: 1/1
   235 | D:1      | Reached XP level 2. HP: 19/19 MP: 2/2
   271 | D:1      | Found Kuab's Magic Scroll Boutique.
   277 | D:1      | Bought a scroll of identify for 22 gold pieces
   339 | D:1      | Reached skill level 1 in Dodging
   625 | D:1      | Reached XP level 3. HP: 23/23 MP: 3/3
   680 | D:1      | Bought a scroll of magic mapping for 38 gold pieces
  1284 | D:2      | Reached XP level 4. HP: 29/29 MP: 4/4
  1970 | D:3      | Reached XP level 5. HP: 33/33 MP: 5/5
  2314 | D:3      | Found a faded altar of an unknown god.
  2494 | D:4      | Found a sand-covered staircase.
  2504 | Ossuary  | Entered an ossuary
  2650 | Ossuary  | Reached XP level 6. HP: 27/39 MP: 6/6
  2878 | Ossuary  | Gained mutation: You have large cloven feet. [potion of
                  | mutation]
  2878 | Ossuary  | Gained mutation: You are strong-willed. (Will+) [potion of
                  | mutation]
  2878 | Ossuary  | Gained mutation: Armour fits poorly on your strangely
                  | shaped body. [potion of mutation]
  2878 | Ossuary  | Gained mutation: You have a pair of small horns on your
                  | head. [potion of mutation]
  2924 | D:4      | Noticed a necrophage
  2932 | D:4      | Killed a necrophage
  2933 | D:4      | Reached XP level 7. HP: 44/44 MP: 7/7
  3269 | D:4      | Reached skill level 5 in Armour
  3526 | D:4      | Reached skill level 5 in Fighting
  3866 | D:5      | Entered Level 5 of the Dungeon
  4191 | D:5      | Found an ancient bone altar of Kikubaaqudgha.
  4338 | D:5      | Reached XP level 8. HP: 38/49 MP: 8/8
  4859 | D:5      | Found a staircase to the Ecumenical Temple.
  5077 | D:5      | Reached skill level 5 in Dodging
  5479 | Temple   | Entered the Ecumenical Temple
  5646 | D:6      | Found Onifetz's Book Boutique.
  6034 | D:6      | Reached skill level 5 in Maces & Flails
  6414 | D:6      | Noticed a two-headed ogre
  6440 | D:6      | HP: 2/51 [something (3)]
  6442 | D:6      | Slain by an unseen horror

Illustrated notes

Levels and vault maps discovered:
D:1:      eino_arrival_water_star, layout_loops_cross, serial_shops,
          nicolae_shop_statue_plus
D:2:      kb_forest_paths, layout_basic
D:3:      layout_loops_ring, shapermc_ecumenical_altar_mp_urbaneastern
D:4:      layout_cave_pools, nicolae_ossuary_entry_giza, serial_column_ruins,
          column_ruins_hut, column_ruins_grid_1, column_ruins_columns_straight,
          column_ruins_columns_water, column_ruins_grid_1,
          column_ruins_columns_straight, column_ruins_corridor_straight,
          corexii_corridor_pit, st_stairs_13
D:5:      layout_loops_ring, lemuel_doored_altar, temple_fountains,
          hangedman_glass_teeth, kennysheep_generic_room_11
D:6:      layout_loops_cross, serial_shops, shop, minmay_misc_feat_square,
          minmay_manual_moon
Temple:   nicolae_temple_figure_zero

Skill      XL: |  1  2  3  4  5  6  7  8 |
---------------+-------------------------+-----
Dodging        | 1 2 3 4 5 |  5.6
Fighting       | 4 5 6 |  6.3
Armour         | 4 5 6 |  6.3
Maces & Flails | 3 4 5 |  5.3
Shields        | |  3.2

Action                   |  1- 3 |  4- 6 |  7- 9 || total
-------------------------+-------+-------+-------++-------
Melee: Flail             |   116 |   167 |   260 ||   543
       Kick              |       |     1 |    72 ||    73
       Headbutt          |       |     1 |    46 ||    47
  Use: Scroll            |       |     4 |       ||     4
       Potion            |       |     1 |       ||     1
Armor: Scale mail        |    85 |       |       ||    85
       Chain mail        |    10 |   133 |   266 ||   409
Dodge: Dodged            |    43 |    53 |   106 ||   202
Block: Kite shield       |    66 |   100 |   213 ||   379

Table legend: (Time is in decaauts)
 A = Elapsed time spent in this place.
 B = Non-inter-level travel time spent in this place.
 C = Inter-level travel time spent in this place.
 D = Time resting spent in this place.
 E = Time spent auto-exploring this place.
 F = Levels seen in this place.
 G = Mean time per level.
                   A        B        C        D        E       F      G
               +--------+--------+--------+--------+--------+-----+--------+
         Total |   6709 |   6317 |    392 |    931 |   3772 |   8 |  838.6 |
       Dungeon |   6117 |   5725 |    392 |    856 |   3600 |   6 | 1019.5 |
        Temple |    152 |    152 |      0 |      0 |    108 |   1 |  152.0 |
       Ossuary |    439 |    439 |      0 |     75 |     64 |   1 |  439.0 |
               +--------+--------+--------+--------+--------+-----+--------+

Top non-repeatable levels by time:
     D:5: 1813 daAuts
     D:1: 1032 daAuts
     D:2: 964 daAuts
     D:3: 905 daAuts
     D:4: 874 daAuts
     D:6: 527 daAuts
 Ossuary: 439 daAuts
  Temple: 152 daAuts
